[Event "FRA-ch Youth U12 2018"]
[Site "Agen"]
[Date "2018.04.16"]
[Round "2"]
[White "Droin, Augustin"]
[Black "Maret, Simon"]
[Result "1-0"]
[ECO "C51"]
[WhiteElo "1975"]
[BlackElo "1577"]
[Annotator "NA RC"]
[PlyCount "52"]
[EventDate "2018.??.??"]
[EventType "swiss"]
[EventCountry "FRA"]
[SourceTitle "playchess.com"]
[Source "ChessBase"]
[SourceQuality "1"]
[TimeControl "5400+30"]

1. e4 e5 2. Nf3 Nc6 3. Bc4 Bc5 4. b4 Bb6 5. b5 Nd4 {[%emt 0:01:57] C51: Evans Gambit: Declined and Accepted without 5...Ba5} 6. Nxd4 Bxd4 7. c3 Bb6 8. O-O (8. d4 Qe7 9. O-O Nf6 10. a4 a5 11. bxa6 bxa6 12. a5 Ba7 13. f4 {1-0 (69) Ganguly,S (2619)-Aronian,L (2815) Dubai 2014}) 8... d6 9. a4 $146 ({Predecessor:} 9. Qb3 Qe7 10. d4 Be6 11. a4 exd4 12. a5 Bc5 13. b6 axb6 14. cxd4 Bxd4 {0-1 (42) Mac Donal,O (2015)-Salas Arros,C (2418) San Luis 2007}) 9... c6 10. Qb3 Qe7 11. a5 Bc7 12. Ba3 Be6 13. b6 Bxc4 14. Qxc4 Bb8 15. d4 Nf6 16. dxe5 Qxe5 $2 {[%emt 0:01:54] [#]} (16... Ng4 $16) 17. a6 $2 (17. Qxc6+ $1 $18 {[%mdl 512] and the rest is easy.} bxc6 18. b7) 17... Qe7 $2 {[%emt 0:08:01] [#]} (17... Ng4 18. g3 Qe7 19. Qxc6+ bxc6) 18. e5 $1 Nd5 19. exd6 Qd7 20. Re1+ Kd8 21. Qh4+ Kc8 22. c4 Re8 23. Rxe8+ Qxe8 24. Qg4+ (24. Qh3+ $142 Kd8 25. Nc3) 24... Kd8 25. Nd2 Nf6 26. axb7 Qd7 1-0

[Event "FRA-ch Youth U12 2018"]
[Site "Agen"]
[Date "2018.04.16"]
[Round "2"]
[White "Berezovsky, Fiorina"]
[Black "Collongues, Jade"]
[Result "1-0"]
[ECO "C50"]
[WhiteElo "1678"]
[BlackElo "1227"]
[Annotator "NA RC"]
[PlyCount "99"]
[EventDate "2018.??.??"]
[EventType "swiss"]
[EventCountry "FRA"]
[SourceTitle "playchess.com"]
[Source "ChessBase"]
[SourceQuality "1"]
[TimeControl "5400+30"]

1. e4 e5 2. Nf3 Nc6 3. Bc4 Bc5 4. O-O Nf6 5. d3 O-O 6. c3 d6 7. a4 a6 8. b4 Ba7 9. Bg5 Be6 10. Nbd2 h6 11. Bh4 Qe7 12. Bd5 Rab8 13. Qe2 Bd7 14. b5 Nd8 15. d4 a5 16. dxe5 dxe5 17. Bg3 Bg4 18. h3 Bxf3 19. Nxf3 Nh5 20. Bxe5 Ne6 21. Qc4 Bb6 22. Rad1 Rfd8 23. Nd4 Nxd4 24. cxd4 Rd7 25. Rfe1 Nf6 26. Bxf6 gxf6 27. e5 fxe5 28. Rxe5 Qb4 29. Qe2 Rdd8 30. Qg4+ Kf8 31. Qh5 Rxd5 32. Qxh6+ Kg8 33. Rxd5 Qe7 34. Rg5+ Qxg5 35. Qxg5+ Kf8 36. Re1 Bxd4 37. Re4 Bc3 38. Qc5+ Kg8 39. Rg4+ Bg7 40. Qg5 Kf8 41. Qxg7+ Ke7 42. Re4+ Kd7 43. Qxf7+ Kd6 44. Qe6+ Kc5 45. Re5+ Kb4 46. Qg4+ Kb3 47. Re3+ Kb2 48. Qe2+ Kb1 49. Qd2 Ka1 50. Re1# 1-0

[Event "FRA-ch Youth U12 2018"]
[Site "Agen"]
[Date "2018.04.16"]
[Round "2"]
[White "Bekkari, Nassim"]
[Black "Bat, Bilguun"]
[Result "0-1"]
[ECO "B50"]
[WhiteElo "1544"]
[BlackElo "1951"]
[Annotator "NA RC"]
[PlyCount "84"]
[EventDate "2018.??.??"]
[EventType "swiss"]
[EventCountry "FRA"]
[SourceTitle "playchess.com"]
[Source "ChessBase"]
[SourceQuality "1"]
[TimeControl "5400+30"]

1. e4 c5 2. Nf3 d6 3. d3 Nc6 4. g3 g6 5. Bg2 Bg7 6. O-O e6 7. Re1 Nge7 8. c3 e5 9. Nbd2 O-O 10. Nb3 {[%emt 0:06:27] A04: Unusual lines after 1 Nf3 and King's Indian Attack} Be6 $146 ({Find the theoretical novelty and annotate with similar games:} 10... Rb8 11. d4 exd4 12. cxd4 c4 13. Nbd2 b5 14. a3 d5 15. e5 Qb6 16. Nf1 Bg4 {0-1 (33) Nguyen,M (2160)-Nguyen,N (2592) Ho Chi Minh City 2009}) 11. Be3 Bg4 12. Qd2 f5 13. Ng5 f4 14. gxf4 h6 15. Nh3 Qc8 16. f5 gxf5 17. Bxh6 $2 (17. f3 $1 $11) 17... f4 18. Bxg7 Kxg7 19. Ng5 Ng6 20. f3 {[%emt 0:35:49] [#]} Qd8 $2 (20... Bd7 $1 $19 21. d4 c4) 21. Nh3 $2 (21. Bh3 $1 $11 {and White is okay.}) 21... Be6 22. Nf2 Rh8 23. h3 Qg5 24. Ng4 Rh4 25. Kf2 Rf8 26. Rh1 Bxg4 (26... Qd8 $15) 27. hxg4 Rfh8 28. Qe2 R8h6 29. Rab1 Qd8 30. Rbc1 {[%emt 0:02:00] [#]} (30. Rbg1 $11 {remains equal.}) 30... a5 (30... Qb6 $1 $17 31. Rxh4 Nxh4) 31. a4 $2 {[%emt 0:00:52] [#]} (31. Rcg1 $1 $11 {and White is okay.}) 31... Qh8 $2 (31... c4 $1 $19 32. dxc4 Qb6+ 33. c5 Qxb3 34. Rxh4 Nxh4) 32. Rxh4 Rxh4 33. Rg1 Qd8 34. Qc2 Rh2 35. Kf1 Nh4 ({Black should try} 35... Qh8 $15) 36. Qd1 $2 (36. Qf2 $1 $11 {and White is okay.}) 36... Nxg2 (36... Qb6 $142 37. d4 exd4 38. cxd4 c4 39. Nxa5 Qxa5) 37. Rxg2 {[%emt 0:00:09] [#]} Rh1+ $1 38. Rg1 Qh4 39. Qe2 $2 (39. Rxh1 Qxh1+ 40. Ke2 Qg2+ 41. Ke1 Qxb2 42. Nd2) 39... Rh2 40. Rg2 {[%emt 0:01:51] [#]} Qh3 $1 41. Qf2 Ne7 42. Nd2 Ng6 $19 0-1

[Event "FRA-ch Youth U12 2018"]
[Site "Agen"]
[Date "2018.04.16"]
[Round "2"]
[White "Bousmaha, Leila"]
[Black "Schulz, Helene"]
[Result "1-0"]
[ECO "B03"]
[WhiteElo "1538"]
[BlackElo "1226"]
[Annotator "NA"]
[PlyCount "57"]
[EventDate "2018.??.??"]
[EventType "swiss"]
[EventCountry "FRA"]
[SourceTitle "playchess.com"]
[Source "ChessBase"]
[SourceQuality "1"]
[TimeControl "5400+30"]

1. e4 Nf6 2. e5 Nd5 3. c4 Nb6 4. d4 d6 5. f4 dxe5 6. fxe5 c5 7. d5 g6 8. Nc3 Bg7 9. Bf4 O-O 10. Nf3 Bg4 11. h3 Bxf3 12. Qxf3 N8d7 13. Qe3 Qb8 14. e6 Ne5 15. exf7+ Rxf7 16. Bxe5 Bxe5 17. Be2 Qd6 18. Ne4 Qb8 19. Qb3 Nd7 20. O-O-O b6 21. Bg4 Qc7 22. Be6 Bf4+ 23. Kb1 Qe5 24. Rde1 Nf6 25. Nxc5 Qg5 26. Bxf7+ Kxf7 27. Ne6 Qf5+ 28. Ka1 Re8 29. g4 1-0

[Event "FRA-ch Youth U12 2018"]
[Site "Agen"]
[Date "2018.04.16"]
[Round "2"]
[White "Swingedouw, Assia"]
[Black "Cornileau, Juliette"]
[Result "0-1"]
[ECO "B20"]
[WhiteElo "1230"]
[BlackElo "1654"]
[Annotator "NA"]
[PlyCount "58"]
[EventDate "2018.??.??"]
[EventType "swiss"]
[EventCountry "FRA"]
[SourceTitle "playchess.com"]
[Source "ChessBase"]
[SourceQuality "1"]
[TimeControl "5400+30"]

1. e4 c5 2. Bc4 e6 3. Nf3 Nf6 4. d4 Nxe4 5. O-O d5 6. Qe2 Nf6 7. Bb5+ Bd7 8. Be3 a6 9. Bxd7+ Nbxd7 10. c3 Bd6 11. b4 cxb4 12. c4 dxc4 13. Qxc4 Rc8 14. Qd3 O-O 15. Rc1 Rxc1+ 16. Bxc1 Nc5 17. dxc5 Bxh2+ 18. Nxh2 Qxd3 19. Nd2 Ne4 20. Nhf1 Qd4 21. Rb1 Qxf2+ 22. Kh2 Nxc5 23. Rxb4 Nd3 24. Rxb7 Nf4 25. Ne3 Qxe3 26. Nc4 Qxc1 27. Rc7 Qc2 28. Kg3 Qxg2+ 29. Kxf4 Qh2+ 0-1

[Event "FRA-ch Youth U12 2018"]
[Site "Agen"]
[Date "2018.04.16"]
[Round "2"]
[White "Forges-Boulanger, Julie"]
[Black "Chachiachvili, Salome"]
[Result "1/2-1/2"]
[ECO "D02"]
[WhiteElo "1227"]
[BlackElo "1530"]
[Annotator "NA RC"]
[PlyCount "71"]
[EventDate "2018.??.??"]
[EventType "swiss"]
[EventCountry "FRA"]
[SourceTitle "playchess.com"]
[Source "ChessBase"]
[SourceQuality "1"]
[TimeControl "5400+30"]

1. d4 d5 2. Bf4 Nf6 3. Nf3 Bf5 4. e3 a6 5. Bd3 Bg6 6. O-O e6 7. c3 Bh5 8. Nbd2 Bd6 9. Bxd6 Qxd6 10. Qc2 Nbd7 11. e4 dxe4 12. Bxe4 Nxe4 13. Qxe4 Bg6 14. Qxb7 Rb8 15. Qa7 Bd3 16. Rfd1 O-O 17. d5 Nb6 18. c4 exd5 19. cxd5 Nxd5 20. Qd4 Be2 21. Ne4 Qe7 22. Rd2 Bxf3 23. gxf3 Nb6 24. Rad1 h6 25. Qc5 Qe6 26. b3 Rbc8 27. Kg2 Qg6+ 28. Kh3 f5 29. Ng3 Qe6 30. Kg2 f4 31. Ne2 Qg6+ 32. Kf1 Qe6 33. Kg1 Qg6+ 34. Kh1 h5 35. Rg1 Qf7 36. Rd4 1/2-1/2